 Dungeon Crawl Stone Soup version 0.22-a0-351-g29664b4 (webtiles) character file.

39 Amnesiac the Sneak (level 3, 0/27 HPs)
             Began as a Spriggan Wanderer on Apr 12, 2018.
             Succumbed to an adder's poison
             ... on level 2 of the Dungeon.
             The game lasted 00:02:11 (821 turns).

Amnesiac the Sneak (Spriggan Wanderer)               Turns: 821, Time: 00:02:12

Health: 0/27       AC: 21    Str: 13    XL:     3   Next: 26%
Magic:  4/4        EV:  4    Int: 11    God:
Gold:   47         SH:  0    Dex: 13    Spells: 2/2 levels left

rFire    . . .     SeeInvis +   c - +0 short sword
rCold    . . .     Gourm    .   (shield restricted)
rNeg     + + +     Faith    .   (armour currently unavailable)
rPois    +         Spirit   .   (helmet currently unavailable)
rElec    .         Reflect  .   (cloak currently unavailable)
rCorr    .         Harm     .   (gloves unavailable)
MR       .....     NoTele   +   (boots unavailable)
Stlth    +++.......             (no amulet)
HPRegen  0.09/turn              (no ring)
MPRegen  0.09/turn              (no ring)

@: lethally poisoned (0 -> -2), tree-form, hasted, very quick
A: very small, unfitting armour, see invisible, herbivore, slow metabolism 2
a: no special abilities


You were on level 2 of the Dungeon.
You were not hungry.
You were a tree.
You visited 1 branch of the dungeon, and saw 2 of its levels.

You collected 47 gold pieces.

Inventory:

Hand Weapons
 b - a +2 blowgun
 c - a +0 short sword (weapon)
 f - a +0 dagger
Missiles
 a - 3 curare-tipped needles
 k - 18 sling bullets
 m - 47 stones (quivered)
Armour
 e - a +0 robe (melded)
Scrolls
 h - a scroll of amnesia {!r, unknown}
 i - 2 scrolls of teleportation {!r, unknown}
 j - 3 scrolls of remove curse {!r, unknown}
 n - a scroll of identify {!r, unknown}
 o - a scroll of magic mapping {!r, unknown}
Potions
 l - a potion of haste {!q}
Comestibles
 g - 4 rations


   Skills:
 * Level 2.2 Fighting
   Level 2.4 Long Blades
   Level 1.0 Polearms
 - Level 1.0 Throwing
 + Level 2.1 Dodging
 - Level 6.0 Stealth


You had 2 spell levels left.
You didn't know any spells.

Dungeon Overview and Level Annotations

Branches:
Dungeon (2/15)

Altars:


Innate Abilities, Weirdness & Mutations

You are very small and have problems with some larger weapons.
You are too small for most types of armour.
You have supernaturally acute eyesight. (SInv)
You are a herbivore.
((You cover ground extremely quickly.))
You need to consume almost no food.


Message History

The bat misses you.
You hit the bat.
You kill the bat!
You have reached level 3!
Your experience leads to an increase in your attributes!
Increase (S)trength, (I)ntelligence, or (D)exterity?
You feel stronger.
You hit the adder.
The adder is moderately wounded.
The adder barely misses you. The adder misses you.
You hit the adder.
The adder is heavily wounded.
The adder barely misses you.
You hit the adder.
The adder is almost dead.
The adder closely misses you.
You hit the adder.
The adder is almost dead.
The adder barely misses you.
You completely miss the adder.
The adder is almost dead.
The adder bites you. x2
* * * LOW HITPOINT WARNING * * *
You are poisoned.
The adder poisons you!
You closely miss the adder.
The adder is almost dead.
You feel sick. The adder misses you.
You closely miss the adder.
The adder is almost dead.
The adder bites you.
* * * LOW HITPOINT WARNING * * *
You closely miss the adder.
The adder is almost dead.
You feel sick. The adder barely misses you. The adder closely misses you.
You hit the adder but do no damage.
The adder is almost dead.
The adder barely misses you.
You completely miss the adder.
The adder is almost dead.
The adder bites you.
* * * LOW HITPOINT WARNING * * *
You completely miss the adder.
The adder is almost dead.
* * * LOW HITPOINT WARNING * * *
You feel sick. The adder misses you. The adder bites you but does no damage.
Really quaff
l - 2 green potions {!q}?
It was a potion of haste {!q}.
You feel yourself speed up. The adder closely misses you.
Okay, then.
You hit the adder.
You kill the adder!
Your Dodging skill increases to level 2!
You see here an adder corpse.
You see here a lumpy silvery potion {!q}.
Really quaff a lumpy silvery potion {!q}?
It was a potion of magic {!q}.
Magic courses through your body.
Really quaff
d - a potion of lignification {!q}?
You turn into a tree.
Your roots penetrate the ground.
Really quaff
l - a potion of haste {!q}?
Okay, then.
Unknown command.
You swing at nothing.
You die...

###############
#.............<
#.#############
#.# # #.# #.
#.# #.# #.#
#####.†###†####
.......♣†....>#
######..###.###
##.# #.# #.#
#.. ... #.##
##. #.# . #.#
..#.# #.#


There were no monsters in sight!

Vanquished Creatures
  An adder (D:2)
  An ooze (D:1)
  2 dart slugs (D:1)
  A leopard gecko (D:2)
  3 bats
  A giant cockroach (D:2)
  4 goblins (D:1)
  A hobgoblin (D:2)
  3 frilled lizards (D:1)
  A kobold (D:1)
  3 rats
21 creatures vanquished.

Notes
Turn   | Place    | Note
-------+----------+-------------------------------------------
     0 | D:1      | Amnesiac the Spriggan Wanderer began the quest for the Orb.
     0 | D:1      | Amnesiac set off with: 3 curare-tipped needles, a +2 blowgun, a +0 short sword, a potion of lignification {!q}, a +0 robe, a +0 dagger, a ration
     0 | D:1      | Reached XP level 1. HP: 10/10 MP: 2/2
    81 | D:1      | Reached skill level 6 in Stealth
    86 | D:1      | Reached skill level 1 in Dodging
    86 | D:1      | Reached XP level 2. HP: 14/14 MP: 3/3
   803 | D:2      | Reached XP level 3. HP: 15/18 MP: 4/4
   821 | D:2      | Succumbed to an adder's poison

Vault maps used:
D:1:      saegor_arrival_simple_b, minmay_misc_feat_five, minivault_23
D:2:      uniq_crazy_yiuf_cottage

Skill      XL: |  1  2  3 |
---------------+----------+-----
Stealth        | 6 |  6.0
Dodging        | 1 2 |  2.1
Fighting       | 2 |  2.2
Long Blades    | |  2.4
Polearms       | |  1.0
Throwing       | |  1.0

Action                   || total
-------------------------++-------
Melee: Short sword       ||    71
  Use: Potion            ||     3
 Stab: Sleeping          ||     5
Armor: Robe              ||    14
Dodge: Dodged            ||    68

Table legend:
 A = Spawn XP
 B = Non-spawn XP
 C = Spawn XP percentage of total XP
 D = Spawn monster count
 E = Non-spawn monster count
 F = Spawn count percentage of total count
 G = Total turns spent on level
                    A         B        C        D         E        F      G
               +---------+---------+-------+---------+---------+-------+---------
         Total |       0 |      56 |   0.0 |       0 |      21 |   0.0 |   821
               +---------+---------+-------+---------+---------+-------+---------
           D:1 |       0 |      32 |   0.0 |       0 |      15 |   0.0 |   757
           D:2 |       0 |      24 |   0.0 |       0 |       6 |   0.0 |    64
               +---------+---------+-------+---------+---------+-------+---------
